 Dungeon Crawl Stone Soup version 0.23-a0-577-g2b1de94 (webtiles) character file.

128028 tilp the Warrior (level 17, -9/148 HPs)
             Began as a Merfolk Ice Elementalist on Dec 15, 2018.
             Was a High Priest of Makhleb.
             Killed by divine providence
             ... invoked by a smoke demon
              (15 damage)
             ... on level 4 of the Abyss.
             The game lasted 02:26:03 (37288 turns).

tilp the Warrior (Merfolk Ice Elementalist)        Turns: 37288, Time: 02:26:03

Health: -9/148     AC: 22    Str: 16    XL:     17   Next: 2%
Magic:  9/29       EV: 33    Int: 21    God:    Makhleb [*****.]
Gold:   73         SH:  5    Dex: 14    Spells: 6/32 levels left

rFire    . . .     SeeInvis +   a - +8 trident "Exkem" {elec, *Rage +Fly rC++ Str+2}
rCold    + + .     Gourm    .   k - +0 buckler
rNeg     . . .     Faith    .   s - +0 steam dragon scales
rPois    +         Spirit   .   R - +2 helmet {SInv}
rElec    .         Reflect  .   f - +2 cloak {rPois}
rCorr    .         Harm     .   l - +2 pair of gloves
MR       +....     Rnd*Rage +   E - +1 pair of boots {Fly}
Stlth    ++........             I - amulet of the acrobat
HPRegen  0.34/turn              V - +5 ring of strength
MPRegen  0.21/turn              C - +6 ring of protection

@: flying, very slightly contaminated, studying Invocations
A: change form in water, swift swim, stealthy swim
a: Minor Destruction, Lesser Servant of Makhleb, Major Destruction, Greater
Servant of Makhleb, Renounce Religion, Stop Flying


You were on level 4 of the Abyss.
You worshipped Makhleb.
Makhleb was extremely pleased with you.
You were very hungry.

You visited 5 branches of the dungeon, and saw 26 of its levels.
You visited the Abyss 1 time.
You also visited: Gauntlet and Ice Cave.

You collected 2545 gold pieces.
You spent 2472 gold pieces at shops.

Inventory:

Hand Weapons
 a - the +8 trident "Exkem" (weapon) {elec, *Rage +Fly rC++ Str+2}
   (You found it on level 1 of the Lair of Beasts)

   Occasionally, upon striking a foe, it will discharge some electrical energy
   and cause terrible harm.
   It affects your strength (+2).
   It greatly protects you from cold.
   It lets you fly.
   It may make you go berserk in combat.
 r - a +0 bardiche
 y - a +0 glaive of freezing
Missiles
 o - 24 tomahawks (quivered)
 B - 6 throwing nets
Armour
 f - a +2 cloak of poison resistance (worn)
 k - a +0 buckler (worn)
 l - a +2 pair of gloves (worn)
 s - +0 steam dragon scales (worn)
 v - the +0 hat of Liledd {rElec rPois Regen+ Str-3}
   (You found it in a Gauntlet)

   It affects your strength (-3).
   It insulates you from electricity.
   It protects you from poison.
   It increases your rate of regeneration.
 E - a +1 pair of boots of flying (worn)
 R - a +2 helmet of see invisible (worn)
Magical Staves
 b - an uncursed staff of cold
Jewellery
 C - a +6 ring of protection (right hand)
 I - an amulet of the acrobat (around neck)
 K - a +4 ring of intelligence
 T - a +3 ring of intelligence
 V - a +5 ring of strength (left hand)
Wands
 j - a wand of enslavement (22)
 G - a wand of polymorph (16)
 H - a wand of clouds (7)
 O - a wand of acid (30)
 S - a wand of paralysis (3)
 X - a wand of digging (4)
Scrolls
 d - 4 scrolls of magic mapping
 g - a scroll of identify
 h - 3 scrolls of teleportation
 i - 10 scrolls of remove curse
 m - 5 scrolls of amnesia
 q - 5 scrolls of fear
 w - 7 scrolls of enchant weapon
 J - 3 scrolls of blinking
Potions
 e - 7 potions of curing
 n - 2 potions of invisibility
 p - a potion of ambrosia
 u - 9 potions of brilliance
 z - 3 potions of magic
 A - 2 potions of haste
 D - 2 potions of resistance
 L - 2 potions of cancellation
 M - 2 potions of agility
 N - 4 potions of might
 P - a potion of mutation
 Z - 3 potions of lignification
Books
 x - a manual of Invocations
Miscellaneous
 F - a box of beasts
 U - a sack of spiders
 W - a phantom mirror
Comestibles
 c - 49 rations


   Skills:
 - Level 17.4 Fighting
 - Level 14.0 Polearms
 - Level 9.0 Dodging
 - Level 2.1 Stealth
 - Level 4.1 Shields
 - Level 8.0 Spellcasting
 - Level 4.0 Conjurations
 - Level 6.0 Hexes
 - Level 4.0 Charms
 - Level 2.1 Translocations
 - Level 15.0 Ice Magic
 + Level 15.6 Invocations
 - Level 8.1 Evocations


You had 6 spell levels left.
You knew the following spells:

 Your Spells              Type           Power        Failure   Level  Hunger
a - Freeze                Ice            ####         0%          1    None
b - Throw Frost           Conj/Ice       #####.       1%          2    None
c - Ozocubu's Armour      Chrm/Ice       #####...     1%          3    None
d - Throw Icicle          Conj/Ice       #####...     1%          4    ###....
e - Conjure Flame         Conj/Fire      ###.....     11%         3    None
f - Apportation           Tloc           ###...       3%          1    None
g - Summon Butterflies    Summ           #.......     8%          1    None
i - Tukima's Dance        Hex            ####....     1%          3    None
j - Blink                 Tloc           N/A          4%          2    None
k - Spectral Weapon       Hex/Chrm       ####....     3%          3    None
l - Regeneration          Chrm/Necr      ###.......   11%         3    None

Your spell library contained the following spells:

 Spells                   Type           Power        Failure   Level  Hunger
 Confusing Touch          Hex            ####..       1%          1    None
 Corona                   Hex            ####...      1%          1    None
 Infusion                 Chrm           ####         1%          1    None
 Magic Dart               Conj           ####         1%          1    None
 Slow                     Hex            ####....     1%          2    None
 Searing Ray              Conj           ####..       2%          2    None
 Song of Slaying          Chrm           ####....     2%          2    None
 Shock                    Conj/Air       ###.         3%          1    None
 Shroud of Golubria       Chrm/Tloc      ###.......   3%          2    None
 Dazzling Spray           Conj/Hex       ####..       3%          3    None
 Summon Ice Beast         Ice/Summ       #####...     3%          4    ###....
 Portal Projectile        Hex/Tloc       ####..       4%          3    None
 Swiftness                Chrm/Air       ###.....     5%          2    None
 Inner Flame              Hex/Fire       ###.....     7%          3    None
 Summon Guardian Golem    Hex/Summ       ###.....     7%          3    None
 Cause Fear               Hex            ####......   7%          4    ###....
 Animate Skeleton         Necr           N/A          8%          1    None
 Summon Small Mammal      Summ           #...         8%          1    None
 Lesser Beckoning         Tloc           ###.......   10%         3    None
 Fulminant Prism          Conj/Hex       ####......   10%         4    ###....
 Static Discharge         Conj/Air       ###.....     11%         3    None
 Call Imp                 Summ           #.......     12%         2    None
 Corpse Rot               Necr           N/A          12%         2    None
 Poisonous Vapours        Pois/Air       #.....       12%         2    None
 Sublimation of Blood     Necr           #.........   12%         2    None
 Mephitic Cloud           Conj/Pois/Air  ##......     14%         3    None
 Iskenderun's Mystic Bla  Conj           ####....     16%         4    ###....
 Force Lance              Conj/Tloc      ###.....     22%         4    ###....
 Leda's Liquefaction      Hex/Erth       ###.......   22%         4    ###....
 Call Canine Familiar     Summ           #.......     24%         3    None
 Airstrike                Air            #.........   61%         4    ###....
 Summon Lightning Spire   Summ/Air       #.......     61%         4    ###....
 Freezing Cloud           Conj/Ice/Air   #####.....   65%         6    ######.
 Bolt of Draining         Conj/Necr      ###.......   67%         5    #####..
 Excruciating Wounds      Chrm/Necr      ###.......   67%         5    #####..
 Lightning Bolt           Conj/Air       ###.......   67%         5    #####..
 Invisibility             Hex            ####....     71%         6    ######.
 Agony                    Necr           #.......     91%         5    #####..
 Alistair's Intoxication  Tmut/Pois      #.......     91%         5    #####..
 Dispel Undead            Necr           #.......     91%         5    #####..
 Ring of Flames           Chrm/Fire      ###.......   100%        7    #######
 Disjunction              Tloc           ###.......   100%        8    #######


Dungeon Overview and Level Annotations

Branches:
Dungeon (15/15)            Temple (1/1) D:5            Lair (6/6) D:8
  Swamp (2/4) Lair:2       Spider (0/4) Lair:3        Slime (0/5) Lair:6
    Orc (2/2) D:10            Elf (0/3) Orc:2        Vaults (0/5) D:14
 Depths (0/5) D:15

Altars:
Ashenzari
Cheibriados
Dithmenos
Elyvilon
Fedhas
Gozag
Hepliaklqana
Kikubaaqudgha
Makhleb
Nemelex Xobeh
Okawaru
Qazlal
Ru
Sif Muna
Trog
Uskayaw
Vehumet
Wu Jian
Xom
Yredelemnul
Zin
The Shining One
Beogh

Shops:
D:10 }   Orc:2 *?:[

Portals:
Pandemonium: Orc:2

Annotations:
Swamp:2 Louise


Message History

Casting: Blink (safe; 4% risk of failure)
Confirm with . or Enter, or press ? or * to list all spells.
You blink.
You feel much better. The cyan very ugly thing gores you.
* * * LOW HITPOINT WARNING * * *
The cyan very ugly thing shocks you!!
* * * LOW HITPOINT WARNING * * *
Casting: Blink (safe; 4% risk of failure)
Confirm with . or Enter, or press ? or * to list all spells.
You blink.
Blink to where?
Press: ? - help, Dir - move target cursor You are very lightly contaminated with residual magic.
As you read the scroll of blinking, it crumbles to dust.
Unknown command.
A smoke demon comes into view.
The smoke demon roars!
The smoke demon gestures at you. Something smites you!
You die...

# # ## ## #. ######
.# ## #. #......
.## .3 #.#.....#
..######## ##.##.##
. ..†...#u..#...#.#
...§###...#§..#.@##
...#.##.#..#####.#
..# ###...#.# .#.
.## #.##.....# #.
#.# .##. ## . #. #
#. . ## #. #


You could see a smoke demon.

Vanquished Creatures
  Rupert (D:12)
  Gastronok (Lair:1)
  A thorn hunter (Swamp:1)
  2 frost giants
  An emperor scorpion (D:15)
  2 very ugly things (Abyss:4)
  An entropy weaver (Gauntlet)
  A minotaur (Gauntlet)
  2 dire elephants
  2 ettins
  A fire dragon (Lair:6)
  11 hydras
  2 ice dragons
  4 centaur warriors
  A ghost crab (Swamp:2)
  The ghost of Fuadod the Fighter, a novice MiBe of Trog (Lair:2)
  A shambling mangrove (Swamp:2)
  5 two-headed ogres
  5 alligators
  2 death yaks
  A tengu warrior (D:15)
  A soul eater (Orc:2)
  5 orc high priests (Orc:2)
  An infernal demonspawn (Orc:2)
  2 unseen horrors
  2 torturous demonspawn (Orc:2)
  2 swamp dragons
  2 wolf spiders
  2 deep elf magi
  6 orc sorcerers (Orc:2)
  5 orc knights (Orc:2)
  3 ugly things
  5 centaur zombies
  A salamander (D:15)
  4 cyclopes
  17 elephants
  A worldbinder (Abyss:3)
  A rust devil (Gauntlet)
  10 black mambas
  2 torpor snails
  2 ice statues
  19 spiny frogs
  A guardian serpent (Lair:6)
  A smoke demon (Abyss:3)
  3 gargoyles
  2 kobold demonologists (D:12)
  9 komodo dragons
  2 rime drakes
  An ice devil (Orc:2)
  2 tengu conjurers
  An ancient zyme (Abyss:3)
  12 trolls
  3 red devils (Orc:2)
  16 slime creatures
  4 tyrant leeches
  16 polar bears
  4 blink frogs
  Grinder (D:6)
  8 hornets
  3 redbacks (Lair:6)
  8 hippogriffs
  4 bog bodies (Swamp:1)
  5 dream sheep (Lair:5)
  A shadow (D:13)
  12 wyverns
  A spriggan (Swamp:1)
  A ynoxinul (Orc:2)
  22 yaks
  A vampire (D:10)
  7 basilisks
  A chaos spawn (Orc:2)
  5 hogs (D:12)
  3 hungry ghosts
  4 steam dragons (Lair:6)
  9 insubstantial wisps (Swamp:1)
  5 wargs
  4 vampire mosquitoes (Swamp:1)
  6 swamp worms
  2 soldier ants (D:13)
  3 acid dragons
  7 porcupines
  26 water moccasins
  A meliai simulacrum (D:14)
  The ghost of RoseArtemis the Ruffian, an amateur TrMo (D:3)
  22 orc warriors
  5 phantoms
  2 swamp drakes
  15 ice beasts
  3 eyes of draining
  4 black bears
  3 sky beasts
  2 necrophages
  9 ogres
  14 centaurs
  23 wolves
  9 crocodiles
  22 bullfrogs
  2 big kobolds (D:12)
  A gnoll sergeant (D:11)
  A wyvern skeleton (D:15)
  A wyvern zombie (D:9)
  11 scorpions
  4 killer bees (D:11)
  2 howler monkeys
  17 wights
  A vampire bat (Lair:3)
  9 electric eels
  7 crimson imps
  2 bullfrog zombies
  3 hounds
  3 quasits (D:3)
  7 jellies
  26 orc priests
  3 bullfrog skeletons
  6 centaur skeletons
  24 orc wizards
  A gnoll shaman (D:7)
  2 iron imps (Gauntlet)
  4 iguanas
  12 worker ants
  2 hound skeletons
  17 adders
  2 howler monkey skeletons
  15 gnolls
  3 shadow imps
  An ufetubus (Abyss:3)
  2 oozes
  An adder skeleton (D:3)
  5 worms
  A dart slug (D:1)
  89 orcs
  5 giant cockroaches
  2 gnoll zombies (D:5)
  10 goblins
  4 hobgoblins
  7 jackals
  3 quokkas
  13 bats
  3 frilled lizards
  18 kobolds
  A quokka zombie (D:6)
  11 rats
866 creatures vanquished.

Vanquished Creatures (collateral kills)
  Kirke (D:12)
  Fannar (Lair:1)
  Urug (Orc:1)
  2 death yaks
  A swamp dragon (Swamp:2)
  A manticore (D:12)
  A spiny frog (Lair:1)
  A jumping spider (Gauntlet)
  A slime creature (Swamp:2)
  2 ynoxinuls
  A basilisk (D:15)
  A swamp drake (Lair:6)
  An orc warrior (Orc:2)
  A crocodile (Lair:2)
  A killer bee (D:11)
  A crimson imp (D:12)
  3 orc priests (Orc:2)
  5 orcs (Orc:2)
26 creatures vanquished.

Vanquished Creatures (others)
  A spiny frog (Lair:6)
  A rime drake (IceCv)
  2 polar bears (IceCv)
  3 yaks (IceCv)
  6 wolves (IceCv)
  A centaur (D:11)
  An orc (Orc:2)
  23 fungi
  A lurking horror (Abyss:3)
  37 plants (Lair:6)
  A spectral weapon (Abyss:3)
  8 starspawn tentacles
85 creatures vanquished.

Grand Total: 977 creatures vanquished

Notes
Turn   | Place    | Note
-------+----------+-------------------------------------------
     0 | D:1      | tilp the Merfolk Ice Elementalist began the quest for the
                  | Orb.
     0 | D:1      | Reached XP level 1. HP: 13/13 MP: 3/3
   183 | D:1      | Reached XP level 2. HP: 13/19 MP: 1/5
  1003 | D:1      | Reached XP level 3. HP: 24/24 MP: 4/6
  1007 | D:1      | Learned a level 2 spell: Throw Frost
  1011 | D:1      | Learned a level 3 spell: Ozocubu's Armour
  1695 | D:2      | Reached skill level 5 in Ice Magic
  1881 | D:2      | Reached XP level 4. HP: 30/30 MP: 7/7
  2377 | D:3      | Found a transporter.
  2381 | D:3      | Noticed RoseArtemis's ghost (amateur TrMo)
  2396 | D:3      | Found a transporter.
  2761 | D:3      | Reached XP level 5. HP: 35/35 MP: 3/8
  3343 | D:3      | Found an opulent altar of Gozag.
  3471 | D:4      | Found a white marble altar of Elyvilon.
  3493 | D:4      | You fall through a shaft for 2 floors!
  3493 | D:6      | Found a shimmering altar of Xom.
  3496 | D:6      | Noticed an angel
  3501 | D:5      | Entered Level 5 of the Dungeon
  3637 | D:5      | Noticed an ogre
  3654 | D:5      | Killed an ogre
  3654 | D:5      | Reached XP level 6. HP: 29/41 MP: 0/9
  4051 | D:4      | Noticed an ice beast
  4342 | D:5      | Reached skill level 1 in Fighting
  4342 | D:5      | Reached XP level 7. HP: 39/48 MP: 7/10
  4634 | D:4      | Reached skill level 2 in Fighting
  4749 | D:5      | Reached skill level 3 in Fighting
  5044 | D:5      | Found a staircase to the Ecumenical Temple.
  5046 | D:5      | Reached skill level 5 in Dodging
  5148 | Temple   | Entered the Ecumenical Temple
  5224 | Temple   | Became a worshipper of Makhleb the Destroyer
  5300 | D:5      | Reached skill level 4 in Fighting
  5491 | D:5      | Reached XP level 8. HP: 54/60 MP: 7/11
  5574 | D:5      | Found a basalt altar of Yredelemnul.
  6024 | D:6      | Noticed Grinder
  6149 | D:5      | Reached * piety under Makhleb
  6521 | D:6      | Noticed a hippogriff
  6530 | D:6      | Reached skill level 1 in Polearms
  6539 | D:6      | Killed a hippogriff
  6652 | D:6      | Found a glowing silver altar of Zin.
  6773 | D:6      | Reached XP level 9. HP: 65/65 MP: 6/12
  7055 | D:6      | Reached skill level 5 in Polearms
  7071 | D:6      | Found a sacrificial altar of Ru.
  7505 | D:7      | Learned a level 2 spell: Searing Ray
  7590 | D:7      | Found an ornate altar of the Wu Jian Council.
  8075 | D:7      | Reached ** piety under Makhleb
  8508 | D:8      | Found a blossoming altar of Fedhas.
  8695 | D:8      | Reached skill level 10 in Polearms
  8876 | D:8      | Noticed an elephant
  8931 | D:8      | Found a staircase to the Lair.
  8969 | D:8      | Reached XP level 10. HP: 71/71 MP: 10/13
  9139 | D:9      | Found a hide-covered altar of Uskayaw.
  9192 | D:9      | Found a shattered altar of Ashenzari.
  9573 | D:9      | Noticed an ice statue
  9901 | D:9      | Found a stormy altar of Qazlal.
  9980 | D:9      | Reached *** piety under Makhleb
  9980 | D:9      | Reached skill level 1 in Conjurations
 10097 | D:9      | Got a bloodstained ring mail
 10138 | D:9      | Reached skill level 1 in Invocations
 10379 | D:10     | Entered Level 10 of the Dungeon
 11000 | D:10     | Found Gojis's Gadget Emporium.
 11071 | D:10     | Bought a wand of paralysis (3) for 70 gold pieces
 11474 | D:10     | Found a staircase to the Orcish Mines.
 11520 | D:10     | Identified the Disquisition on the Voyage
 11525 | D:10     | Learned a level 2 spell: Blink
 11650 | D:10     | Reached XP level 11. HP: 69/77 MP: 11/14
 11926 | D:10     | Reached skill level 5 in Invocations
 11971 | D:10     | Learned a level 1 spell: Apportation
 11973 | D:10     | Learned a level 1 spell: Summon Butterflies
 12177 | D:10     | Identified the +3 ring mail of the Wilderness {rN+ rCorr}
                  | (You found it on level 9 of the Dungeon)
 12246 | D:8      | Reached skill level 1 in Charms
 12246 | D:8      | Reached skill level 1 in Evocations
 12281 | D:8      | Reached skill level 1 in Translocations
 12436 | Lair:1   | Entered Level 1 of the Lair of Beasts
 12607 | Lair:1   | Noticed Fannar
 12684 | Lair:1   | Learned a level 4 spell: Throw Icicle
 12762 | Lair:1   | Killed Fannar
 12908 | Lair:1   | Noticed Gastronok
 12934 | Lair:1   | Killed Gastronok
 13269 | Lair:1   | Noticed an eight-headed hydra
 13294 | Lair:1   | Killed an eight-headed hydra
 13538 | Lair:1   | Found a glowing silver altar of Zin.
 13555 | Lair:1   | Got a dazzling trident
 13765 | Lair:2   | Reached skill level 5 in Spellcasting
 13808 | Lair:2   | Found a runed door.
 13819 | Lair:2   | Noticed Fuadod's ghost (novice MiBe)
 14140 | Lair:2   | Reached XP level 12. HP: 64/83 MP: 13/21
 14145 | Lair:2   | Learned a level 3 spell: Tukima's Dance
 14348 | Lair:2   | Noticed a four-headed hydra
 14361 | Lair:2   | Killed a four-headed hydra
 14552 | Lair:2   | Found a staircase to the Swamp.
 14665 | Lair:3   | Reached skill level 5 in Fighting
 14762 | Lair:3   | Found a hole to the Spider Nest.
 15471 | Lair:3   | Learned a level 3 spell: Conjure Flame
 15961 | Lair:4   | Noticed a five-headed hydra
 15974 | Lair:4   | Killed a five-headed hydra
 15974 | Lair:4   | Reached skill level 6 in Fighting
 16566 | Lair:4   | Reached **** piety under Makhleb
 16571 | Lair:4   | You fall through a shaft for 2 floors!
 16571 | Lair:6   | Entered Level 6 of the Lair of Beasts
 16836 | Lair:4   | Reached skill level 7 in Fighting
 16841 | Lair:4   | Reached skill level 10 in Ice Magic
 16969 | Lair:4   | Noticed a dire elephant
 16990 | Lair:4   | Killed a dire elephant
 16990 | Lair:4   | Reached skill level 8 in Fighting
 17036 | Lair:4   | Noticed a death yak
 17037 | Lair:4   | Noticed a death yak
 17048 | Lair:4   | Killed a death yak
 17069 | Lair:4   | Killed a death yak
 17069 | Lair:4   | Reached skill level 9 in Fighting
 17238 | Lair:4   | Noticed a four-headed hydra
 17247 | Lair:4   | Killed a four-headed hydra
 17251 | Lair:4   | Reached skill level 10 in Fighting
 17797 | Lair:5   | Reached skill level 1 in Hexes
 17797 | Lair:5   | Reached XP level 13. HP: 103/103 MP: 7/22
 18183 | Lair:5   | Identified the +8 trident "Exkem" {elec, *Rage +Fly rC++
                  | Str+2} (You found it on level 1 of the Lair of Beasts)
 19344 | Lair:6   | Reached skill level 5 in Evocations
 19399 | Lair:6   | Identified the cursed +1 ring mail "Nykel" {Int+2} (You
                  | found it on level 6 of the Lair of Beasts)
 20335 | Lair:6   | Reached skill level 11 in Fighting
 20394 | Lair:6   | Found a staircase to the Slime Pits.
 20473 | Lair:6   | Paralysed by a hornet for 1 turns
 20482 | Lair:6   | Reached ***** piety under Makhleb
 20708 | Lair:6   | Reached XP level 14. HP: 113/113 MP: 12/26
 21462 | Lair:6   | Identified a scroll of acquirement
 22321 | D:12     | Noticed Rupert
 22401 | D:12     | Killed Rupert
 22401 | D:12     | Reached skill level 12 in Fighting
 22458 | D:12     | Found a frozen archway.
 22515 | IceCv    | Entered an ice cave
 23054 | IceCv    | Noticed a frost giant
 23192 | IceCv    | Killed a frost giant
 23894 | D:12     | Noticed Kirke
 23976 | D:12     | Killed Kirke
 23976 | D:12     | Reached skill level 10 in Invocations
 23976 | D:12     | Reached XP level 15. HP: 85/120 MP: 27/27
 24553 | Orc:1    | Entered Level 1 of the Orcish Mines
 24650 | Orc:2    | Entered Level 2 of the Orcish Mines
 24722 | Orc:2    | Reached ****** piety under Makhleb
 24790 | Orc:2    | Found a roughly hewn altar of Beogh.
 24938 | Orc:2    | Reached skill level 5 in Hexes
 25330 | Orc:1    | Noticed Urug
 25344 | Orc:1    | Killed Urug
 25734 | Orc:2    | Found a staircase to the Elven Halls.
 26003 | Orc:2    | Found Boitwut's General Store.
 26218 | Orc:2    | Found Unoycuec's Magic Scroll Boutique.
 26461 | Orc:2    | Bought a scroll of identify for 28 gold pieces
 26751 | Orc:2    | Paralysed by an orc sorcerer for 2 turns
 29088 | Orc:2    | Found Colot's Antique Armour Emporium.
 29088 | Orc:2    | Found a one-way gate leading to the halls of Pandemonium.
 29088 | Orc:2    | Found Saicav's Book Shoppe.
 29507 | Orc:2    | Bought a book of Battle for 440 gold pieces
 29511 | Orc:2    | Learned a level 3 spell: Spectral Weapon
 29515 | Orc:2    | Learned a level 3 spell: Regeneration
 29516 | Orc:2    | Bought a manual of Fighting for 1214 gold pieces
 29545 | Orc:2    | Bought a scroll of identify for 22 gold pieces
 29545 | Orc:2    | Bought a scroll of blinking for 82 gold pieces
 29545 | Orc:2    | Bought a scroll of identify for 22 gold pieces
 29545 | Orc:2    | Bought a scroll of identify for 22 gold pieces
 29717 | D:14     | Found a gate leading to a gauntlet.
 29760 | Gauntlet | Entered a Gauntlet
 29760 | Gauntlet | Found a transporter.
 29769 | Gauntlet | Found a transporter.
 29784 | Gauntlet | Found a transporter.
 29789 | Gauntlet | Found a transporter.
 29804 | Gauntlet | Found a transporter.
 29822 | Gauntlet | Found the +10 large shield of Ignorance {rN+ Int-4}
 29823 | Gauntlet | Found a transporter.
 29835 | Gauntlet | Found a transporter.
 29841 | Gauntlet | Found a transporter.
 29856 | Gauntlet | Found a transporter.
 29868 | Gauntlet | Found a transporter.
 29874 | Gauntlet | Found a transporter.
 29874 | Gauntlet | Found a transporter.
 29889 | Gauntlet | Found a transporter.
 29895 | Gauntlet | Found a transporter.
 29934 | Gauntlet | Found a transporter.
 29960 | Gauntlet | Found a transporter.
 29962 | Gauntlet | Found a transporter.
 29982 | Gauntlet | Found a transporter.
 30344 | Gauntlet | Reached skill level 15 in Ice Magic
 30553 | Gauntlet | Got a slimy hat
 30554 | Gauntlet | Identified the +0 hat of Liledd {rElec rPois Regen+ Str-3}
                  | (You found it in a Gauntlet)
 30929 | D:14     | Reached skill level 13 in Fighting
 30971 | D:14     | Found a gate to the Vaults.
 31187 | D:14     | Reached XP level 16. HP: 132/132 MP: 25/28
 31257 | D:14     | Reached skill level 14 in Fighting
 31774 | D:14     | Reached skill level 15 in Fighting
 32023 | D:15     | Entered Level 15 of the Dungeon
 32247 | D:15     | Reached skill level 16 in Fighting
 32535 | D:15     | Found a staircase to the Depths.
 32844 | D:15     | Reached skill level 17 in Fighting
 33196 | Orc:2    | Bought a scroll of acquirement for 572 gold pieces
 33345 | Swamp:1  | Entered Level 1 of the Swamp
 33664 | Swamp:1  | Noticed a thorn hunter
 33950 | Swamp:1  | Killed a thorn hunter
 35010 | Swamp:2  | Noticed Louise
 35426 | Lair:2   | Killed Fuadod's ghost
 36376 | D:3      | Killed RoseArtemis's ghost
 36530 | D:6      | Killed Grinder
 36816 | D:9      | Reached skill level 15 in Invocations
 36982 | Swamp:2  | Cast into level 3 of the Abyss (Louise)
 37062 | Abyss:3  | Noticed a tentacled starspawn
 37069 | Abyss:3  | Found a corrupted altar of Lugonu.
 37109 | Abyss:3  | Noticed an Executioner
 37135 | Abyss:4  | Found a corrupted altar of Lugonu.
 37163 | Abyss:4  | Noticed a tentacled starspawn
 37263 | Abyss:4  | Reached XP level 17. HP: 47/148 MP: 19/29
 37279 | Abyss:4  | HP: 1/148 [cloud of flame (9)]
 37288 | Abyss:4  | Killed from afar by a smoke demon

Vault maps used:
D:1:      dpeg_arrival_line_fractal, kennysheep_doodads
D:2:      first_ration
D:3:      minmay_skewed_foursquare, lemuel_round_altar,
          gammafunk_ghost_stat_death
D:4:      elyvilon_altar_5
D:5:      lemuel_zombie_altar_yredelemnul, minmay_temple_entry_slanted,
          kennysheep_generic_room_10
D:6:      grunt_temple_overflow_order_and_chaos_1, hangedman_ru_absence,
          st_stairs_1, uniq_grinder
D:7:      lemuel_round_altar
D:8:      lemuel_coloured_pillars_altar, david_lair_generic
D:9:      minmay_twisted_water, overflow_temple_1_default,
          nicolae_qazlal_general_emergency, eat_drink_and_be_merry_uskayaw
D:10:     erik_orc_4, serial_shops, shop
D:12:     portal_ice_cave_entry_animals_and_master, hangedman_stone_soup,
          uniq_rupert, uniq_kirke
D:13:     kennysheep_island_fort
D:14:     minmay_the_grid_3x2, david_vaults_1, gauntlet_entry_generic,
          minivault_19
D:15:     hangedman_depths_entry_try_elsewhere_first,
          chequers_serial_rivers_room_b
Temple:   jpeg_temple_clearing
Lair:1:   lemuel_altar_in_water2, infiniplex_staircase_pool, uniq_gastronok,
          uniq_fannar
Lair:2:   wander_river, minmay_swamp_entry_reptiles, ebering_ghost_inner_flame,
          grunt_forest_small_clearings, grunt_megastairs_3
Lair:3:   nicolae_spider_entry_non_spiders, roderic_batcave,
          serial_bayou_shore_a
Lair:4:   minmay_shattered_shrine
Lair:5:   lemuel_fruit_tree
Lair:6:   hangedman_lair_tendril_chambers, guppyfry_lair_end_dragon,
          nicolae_slime_entry_slimehenge, hangedman_lair_unloving_vines
Swamp:1:  evilmike_swamp_ruin_rubble_1
Swamp:2:  hangedman_swamp_lotus, swamp_pool1, cheibrodos_swamp_slimy,
          uniq_louise
Orc:1:    uniq_urug
Orc:2:    pf_orc_diabolical, basic_altar
Abyss:3:  evilmike_abyss_exit_2
Abyss:4:  hangedman_abyss_stitches_cave, grunt_abyss_rune_wretched_hive
IceCv:    ice_cave_caverns_03
Gauntlet: gammafunk_gauntlet_one_two_three

Skill      XL: |  1  2  3  4  5  6  7  8  9 10 11 12 13 14 15 16 |
---------------+-------------------------------------------------+-----
Ice Magic      | 4 5 6 7 8 10 11 12 15 | 15.0
Fighting       | 1 4 10 11 12 13 17 | 17.4
Dodging        | 3 5 9 |  9.0
Polearms       | 4 11 14 | 14.0
Shields        | 3 4 |  4.1
Conjurations   | 3 4 |  4.0
Invocations    | 4 5 10 15 | 15.6
Charms         | 4 |  4.0
Evocations     | 4 6 8 |  8.1
Translocations | 2 |  2.1
Spellcasting   | 6 8 |  8.0
Hexes          | 1 4 6 |  6.0
Stealth        | |  2.1

Action                   |  1- 3 |  4- 6 |  7- 9 | 10-12 | 13-15 | 16-18 || total
-------------------------+-------+-------+-------+-------+-------+-------++-------
Melee: Unarmed           |     2 |       |       |       |       |       ||     2
       Dagger            |     6 |       |       |       |       |       ||     6
       Short sword       |    24 |    92 |   176 |       |       |       ||   292
       Trident           |       |       |   253 |   892 |  1420 |   654 ||  3219
       Tailslap          |       |       |       |     1 |       |       ||     1
       Staff             |       |       |       |       |    22 |       ||    22
Throw: Tomahawk          |       |       |     3 |     2 |     1 |     1 ||     7
 Cast: Freeze            |    33 |    37 |    74 |    77 |     8 |     3 ||   232
       Throw Frost       |       |     7 |     5 |    71 |    27 |    28 ||   138
       Ozocubu's Armour  |       |     2 |    24 |    63 |    98 |    42 ||   229
       Apportation       |       |       |       |    12 |     3 |     2 ||    17
       Throw Icicle      |       |       |       |    10 |    51 |    21 ||    82
       Conjure Flame     |       |       |       |     9 |    34 |    10 ||    53
       Searing Ray       |       |       |       |     1 |       |       ||     1
       Tukima's Dance    |       |       |       |       |     7 |     1 ||     8
       Blink             |       |       |       |       |       |    13 ||    13
       Regeneration      |       |       |       |       |       |     7 ||     7
       Spectral Weapon   |       |       |       |       |       |     3 ||     3
       Summon Butterflie |       |       |       |       |       |     1 ||     1
Invok: Lesser Servant of |       |       |       |    18 |    21 |     8 ||    47
       Greater Servant o |       |       |       |       |       |     2 ||     2
       Major Destruction |       |       |       |       |       |     1 ||     1
Evoke: Wand              |       |       |       |     3 |       |       ||     3
  Use: Scroll            |     1 |     4 |    14 |    11 |    21 |     8 ||    59
       Potion            |       |       |       |     2 |       |     3 ||     5
 Stab: Sleeping          |     5 |     4 |     5 |     6 |     1 |     5 ||    26
       Distracted        |       |       |       |     2 |     6 |     2 ||    10
  Eat: Chunk             |     4 |     7 |    18 |    33 |    45 |    15 ||   122
       Ration            |       |     1 |       |     1 |     2 |     2 ||     6
Armor: Robe              |    18 |    34 |   126 |   193 |    61 |       ||   432
       Steam dragon scal |       |       |       |       |   292 |   204 ||   496
Dodge: Dodged            |    45 |    78 |   390 |   417 |   680 |   372 ||  1982
Block: Buckler           |       |       |    41 |   139 |   203 |    97 ||   480

Table legend:
 A = Non-vault XP
 B = Vault XP
 C = Vault XP percentage of total XP
 D = Non-vault monster count
 E = Vault monster count
 F = Vault count percentage of total count
                 A         B        C        D         E       F
            +---------+---------+-------+---------+---------+-------
      Total |   93593 |   89305 |  48.8 |     577 |     316 |  35.4
            +---------+---------+-------+---------+---------+-------
        D:1 |      37 |       0 |   0.0 |      22 |       0 |   0.0
        D:2 |      94 |       0 |   0.0 |      22 |       0 |   0.0
        D:3 |      73 |     314 |  81.1 |      19 |      10 |  34.5
        D:4 |     260 |       0 |   0.0 |       3 |       0 |   0.0
        D:5 |     907 |     122 |  11.9 |      21 |       4 |  16.0
        D:6 |    1189 |     267 |  18.3 |      32 |       1 |   3.0
        D:7 |    1119 |       0 |   0.0 |      21 |       0 |   0.0
        D:8 |     842 |     866 |  50.7 |      16 |       4 |  20.0
        D:9 |    2254 |    4706 |  67.6 |      33 |      14 |  29.8
       D:10 |    2993 |     369 |  11.0 |      23 |      16 |  41.0
       D:11 |    5900 |       0 |   0.0 |      50 |       0 |   0.0
       D:12 |    6012 |    7834 |  56.6 |      41 |      19 |  31.7
       D:13 |    3594 |    2232 |  38.3 |      17 |       3 |  15.0
       D:14 |    5673 |    7958 |  58.4 |      24 |      23 |  48.9
       D:15 |    8368 |    4301 |  33.9 |      29 |       4 |  12.1
     Lair:1 |    3669 |    2040 |  35.7 |      15 |       2 |  11.8
     Lair:2 |    2407 |    2013 |  45.5 |       8 |       9 |  52.9
     Lair:3 |     989 |     247 |  20.0 |       5 |      16 |  76.2
     Lair:4 |    3315 |    6982 |  67.8 |      12 |      15 |  55.6
     Lair:5 |    6857 |       0 |   0.0 |      21 |       0 |   0.0
     Lair:6 |    6416 |   14386 |  69.2 |      23 |      59 |  72.0
    Swamp:1 |   12243 |       0 |   0.0 |      36 |       0 |   0.0
    Swamp:2 |    8619 |     799 |   8.5 |      18 |       3 |  14.3
      Orc:1 |     757 |     649 |  46.2 |      10 |       2 |  16.7
      Orc:2 |    4893 |   16092 |  76.7 |      50 |      62 |  55.4
    Abyss:3 |    1259 |       0 |   0.0 |       4 |       0 |   0.0
    Abyss:4 |    2854 |       0 |   0.0 |       2 |       0 |   0.0
      IceCv |       0 |    9959 | 100.0 |       0 |      35 | 100.0
   Gauntlet |       0 |    7169 | 100.0 |       0 |      15 | 100.0
            +---------+---------+-------+---------+---------+-------
